 Dungeon Crawl Stone Soup version 0.19.1 (webtiles) character file.

977447 Milesaru the Heavyweight Champion (level 27, -4/309 HPs)
             Began as a Troll Monk on Dec 15, 2016.
             Was the Champion of the Shining One.
             Killed from afar by an Ice Fiend (34 damage)
             ... with a bolt of cold
             ... on level 7 of the Iron City of Dis on Dec 17, 2016.
             The game lasted 08:52:51 (79592 turns).

Milesaru the Heavyweight Champion (Troll Monk)     Turns: 79592, Time: 08:52:52

Health: -4/309     AC: 21    Str: 47    XL:     27
Magic:  26/26      EV: 32    Int: 14    God:    the Shining One [******]
Gold:   4061       SH: 33    Dex: 28    Spells: 3 memorised, 13 levels left

rFire  + + .     SeeInvis +       - Unarmed
rCold  x . .     Gourm    +     S - +3 fire dragon scales "Xueryn" {rF++ rC- rN+ MR+ SInv}
rNeg   + + +     Faith    .     c - +2 large shield of Xighiw {rF- Str+7}
rPois  .         Spirit   .     r - +0 hat of Ymawn {rElec Int+3 Dex+3}
rElec  +         Reflect  +     f - +2 cloak {+Inv}
rCorr  +         Harm     .     (gloves unavailable)
MR     +++..                    (boots unavailable)
Stlth  ..........               a - amulet "Natiu" {Reflect Fragile rF+ rN+ Int+2 SH+5}
                                R - ring "Hen Cago" {rF+ rN+++ Str+3 Dex+3}
                                E - ring "Ymaumis" {rCorr rF- Str+10 Dex+4 Stlth-}

@: very slightly contaminated, hasted, glowing, very quick
A: unfitting armour, antennae 1, claws 3, deformed body, fast metabolism 3,
gourmand, regeneration 1, shaggy fur 1, tough skin 2
a: Divine Shield, Cleansing Flame, Summon Divine Warrior, Brand Weapon With Holy
Wrath, Renounce Religion, Evoke Invisibility
}: 8/15 runes: decaying, serpentine, slimy, silver, golden, iron, obsidian, bone


You were on level 7 of the Iron City of Dis.
You worshipped the Shining One.
The Shining One was exalted by your worship.
You were not hungry.

You visited 16 branches of the dungeon, and saw 78 of its levels.
You visited the Abyss 3 times.
You also visited: Labyrinth, Trove, Ossuary and Wizlab.

You collected 15052 gold pieces.
You spent 10991 gold pieces at shops.

Inventory:

Missiles
 N - 102 large rocks (quivered)
Armour
 c - the +2 large shield of Xighiw (worn) {rF- Str+7}
   (Okawaru gifted it to you on level 5 of the Depths)

   It affects your strength (+7).
   It makes you vulnerable to fire.
 f - a +2 cloak of invisibility (worn)
 r - the +0 hat of Ymawn (worn) {rElec Int+3 Dex+3}
   (Okawaru gifted it to you on level 5 of the Vaults)

   It affects your intelligence (+3).
   It affects your dexterity (+3).
   It insulates you from electricity.
 S - the +3 fire dragon scales "Xueryn" (worn) {rF++ rC- rN+ MR+ SInv}
   (You found it on level 3 of the Elven Halls)

   It greatly protects you from fire.
   It makes you vulnerable to cold.
   It protects you from negative energy.
   It affects your resistance to hostile enchantments.
   It lets you see invisible.
Jewellery
 a - the amulet "Natiu" (around neck) {Reflect Fragile rF+ rN+ Int+2 SH+5}
   (You found it on level 7 of Tartarus)

   [amulet of reflection]

   It shields you and reflects attacks.
   It affects your intelligence (+2).
   It protects you from fire.
   It protects you from negative energy.
   It will be destroyed if unequipped.
   It affects your SH (+5).
 s - the ring of Ebusmis {*Corrode rC+++ rN+++ Str-2 Dex-5}
   (You found it on level 3 of the Tomb of the Ancients)

   [ring of strength]

   It affects your strength (-2).
   It affects your dexterity (-5).
   It renders you almost immune to cold.
   It renders you almost immune to negative energy.
   It may corrode you when you take damage.
 D - the ring of Moderation {+Fly MP+9 Str+2, unknown}
   (You found it on level 7 of the Iron City of Dis)

   [ring of flight]

   It affects your strength (+2).
   It affects your magic capacity (+9).
   It lets you fly.
 E - the ring "Ymaumis" (left claw) {rCorr rF- Str+10 Dex+4 Stlth-}
   (You took it off a skeletal warrior on level 5 of the Depths)

   [ring of resist corrosion]

   It affects your strength (+10).
   It affects your dexterity (+4).
   It makes you vulnerable to fire.
   It makes you less stealthy.
 R - the ring "Hen Cago" (right claw) {rF+ rN+++ Str+3 Dex+3}
   (You found it in a treasure trove)

   [ring of protection from fire]

   It affects your strength (+3).
   It affects your dexterity (+3).
   It protects you from fire.
   It renders you almost immune to negative energy.
 Y - the brooch of Shielding {Reflect SH+8}
   (You bought it in a shop on level 1 of the Orcish Mines)

   [amulet of reflection]

   It shields you and reflects attacks.
   It affects your SH (+8).
Wands
 k - a wand of heal wounds (0/9)
 n - a wand of disintegration (22/24)
 o - a wand of iceblast (10/15)
 y - a wand of disintegration (3/24)
 L - a wand of hasting (3/9)
 P - a wand of digging (9/24)
 T - a wand of heal wounds (0/9)
Scrolls
 h - 3 scrolls of magic mapping
 l - 3 scrolls of fear
 m - a scroll of blinking
 t - 23 scrolls of identify
 v - 16 scrolls of remove curse
 x - 4 scrolls of holy word
 z - 6 scrolls of teleportation
 F - 11 scrolls of fog
 H - a scroll of enchant weapon
 K - a scroll of recharging
 U - 2 scrolls of silence
Potions
 d - 9 potions of invisibility
 e - 3 potions of haste
 j - 7 potions of flight
 p - a potion of brilliance
 q - 24 potions of curing
 u - 8 potions of cancellation
 w - 5 potions of might
 A - 7 potions of agility
 I - 2 potions of resistance
 J - 14 potions of heal wounds
 O - 4 potions of cure mutation
 Q - 10 potions of berserk rage
 Z - 4 potions of ambrosia
Books
 g - a book of Transfigurations

   Spells                             Type                      Level
   a - Irradiate                      Conjuration/Transmutation    5
   b - Statue Form                    Transmutation/Earth          6
   c - Hydra Form                     Transmutation                6
   d - Dragon Form                    Transmutation                7
 i - a book of Changes

   Spells                             Type                      Level
   a - Beastly Appendage              Transmutation                1
   b - Sticks to Snakes               Transmutation                2
   c - Spider Form                    Transmutation/Poison         3
   d - Ice Form                       Ice/Transmutation            4
   e - Blade Hands                    Transmutation                5
Miscellaneous
 C - a lamp of fire
 V - a figurine of a ziggurat
Comestibles
 b - 15 bread rations
 B - 7 fruits
 G - 12 beef jerkies
 W - 26 meat rations


   Skills:
 + Level 24.1 Fighting
   Level 1.9 Maces & Flails
 + Level 21.1 Armour
 + Level 24.9 Dodging
 - Level 1.0 Stealth
 - Level 15.0 Shields
 O Level 27 Unarmed Combat
 - Level 4.6 Transmutations
   Level 1.5 Fire Magic
 - Level 6.0 Invocations


You had 13 spell levels left.
You knew the following spells:

 Your Spells              Type           Power        Failure   Level  Hunger
a - Beastly Appendage     Tmut           ##....       8%          1    ##.....
b - Statue Form           Tmut/Erth      #........    100%        6    #######
c - Hydra Form            Tmut           ##........   100%        6    #######


Dungeon Overview and Level Annotations

Branches:
Dungeon (15/15)            Temple (1/1) D:6            Lair (6/6) D:9
  Swamp (4/4) Lair:2        Snake (4/4) Lair:4        Slime (5/5) Lair:5
    Orc (2/2) D:11            Elf (3/3) Orc:2        Vaults (5/5) D:14
  Crypt (3/3) Vaults:3       Tomb (3/3) Crypt:3      Depths (5/5) D:15
   Hell (1/1)                 Dis (7/7) Hell            Geh (7/7) Hell
    Coc (0/7) Hell            Tar (7/7) Hell            Zot (0/5) Depths:5

Altars:
Ashenzari
Cheibriados
Dithmenos
Elyvilon
Fedhas
Gozag
Hepliaklqana
Kikubaaqudgha
Makhleb
Nemelex Xobeh
Okawaru
Qazlal
Ru
Sif Muna
Trog
Uskayaw
Vehumet
Xom
Yredelemnul
Zin
The Shining One
Beogh

Shops:
D:4 :   D:5 (   D:6 *   D:8 !   Orc:1 =:=   Orc:2 [*(   Elf:2 *   Elf:3 !
Snake:2 (}   Snake:3 =   Vaults:2 *   Vaults:3 [   Vaults:5 ![!!==
Depths:4 [*   Depths:5 =[

Portals:
Hell: Depths:1 Depths:2 Depths:3 Depths:4 Depths:5
Abyss: Depths:1 Depths:4
Pandemonium: Depths:2 Depths:3
Ziggurat: Depths:1

Annotations:
D:10 exclusion: obsidian statue


Innate Abilities, Weirdness & Mutations

You are too large for most types of armour.
You have claws for hands.
Your metabolism is lightning-fast.
You like to eat raw meat.
Your natural rate of healing is unusually fast.
You are covered in fur. (AC +1)
You have very tough skin. (AC +2)
You have a pair of small antennae on your head.
Armour fits poorly on your strangely shaped body.


Message History

You block the Ice Fiend's attack.
An iron golem comes into view.
Blink to where?
Press: ? - help, Dir - move target cursor You are very lightly contaminated with residual magic.
As you read the scroll of blinking, it crumbles to dust.
You block the rust devil's attack.
You claw the rust devil!
The rust devil is moderately wounded.
You eviscerate the rust devil!!!
You kill the rust devil!
The Shining One accepts your kill.
You feel better.
The Ice Fiend calls on the powers of darkness!
Your body is wracked with pain!
* * * LOW HITPOINT WARNING * * *
You feel yourself speed up. The Ice Fiend gestures at you.
The bolt of cold hits you!
You feel a terrible chill!
You die...

#...# #...#$ #...........# #
#.. #...........# #
.≈##'####.........# #####
......#.###.......# #).)#
..8..1'...##......# #...#
#§...##.....#
#...##############.1≈..###...#
##'###.##.##.##.##..≈≈.##....#
'.))............@'..≈≈.###...#
'.)).............'..≈≈.###...#
##'###.##.##.##.##..≈≈.##....#
#...##############..≈..###.).#
#^..# #....##.....# #).|#
'..###......# #####
#.##........# .# ###.........#
.##### ##### #...........#


You could see an Ice Fiend.

Vanquished Creatures
  the Royal Jelly (Slime:5)
  Asmodeus (Geh:7)
  Ereshkigal (Tar:7)
  the Serpent of Hell (Dis:7)
  Dispater (Dis:7)
  7 ancient liches
  Mennas (Vaults:5)
  2 juggernauts (Depths:5)
  Mara (Depths:1)
  Sojobo (Depths:3)
  32 greater mummies
  Saint Roka (Snake:4)
  Vashnia (Snake:4)
  Margery (Crypt:3)
  9 caustic shrikes
  The ghost of loralnil the Hoplite, a veteran FoFi of the Shining One (Vaults:5)
  2 golden dragons
  Nikola (Elf:1)
  Jory (Vaults:3)
  10 bone dragons
  13 Tzitzimimeh
  4 iron giants (Dis:7)
  Jorgrun (Vaults:4)
  10 Brimstone Fiends
  6 doom hounds
  6 tentacled monstrosities
  6 Hell Sentinels (Dis:7)
  3 Ice Fiends
  4 quicksilver dragons
  16 titans
  7 deep elf blademasters
  6 deep elf master archers
  17 liches
  28 acid blobs
  Murray (Depths:1)
  A tentacled starspawn (Abyss:3)
  16 sphinxes
  Agnes (D:14)
  20 ancient champions
  An eldritch tentacle (Geh:1)
  16 shadow dragons
  8 tengu reavers
  The ghost of grisgris the Hoplite, an adept GrMo of Qazlal (Swamp:4)
  A storm dragon (shapeshifter) (Elf:3)
  A thorn hunter (Swamp:3)
  Kirke (Swamp:3)
  7 nagarajas
  Roxanne (Swamp:3)
  4 storm dragons
  20 fire giants
  5 revenants
  25 frost giants
  The ghost of Vajrapani the Fighter, a journeyman DrEE of Nemelex Xobeh (Orc:1)
  17 azure jellies
  An azure jelly (shapeshifter) (Vaults:4)
  14 deep elf sorcerers
  12 vault wardens
  A draconian knight (Depths:5)
  An orc warlord (Depths:5)
  10 balrugs
  9 iron dragons
  4 deep elf elementalists
  Louise (Elf:3)
  Aizul (Snake:4)
  A cacodemon (Hell)
  2 draconian scorchers (Depths:5)
  A ghoul (Crypt:2)
  32 stone giants
  15 ironheart preservers
  36 very ugly things
  29 reapers
  5 spriggan defenders (Depths:5)
  A green draconian (Orc:2)
  30 war gargoyles
  14 bennus
  An entropy weaver (Vaults:5)
  7 deep elf demonologists
  Azrael (D:13)
  A black draconian (Elf:2)
  A red draconian (Elf:2)
  8 vampire knights
  3 spark wasps
  11 deep elf annihilators
  19 deep elf death magi
  13 ettins
  4 eidola
  7 crystal guardians
  3 blizzard demons
  27 mummy priests
  13 yaktaur captains
  6 death oozes
  10 fire dragons
  14 jiangshi
  3 minotaurs
  A merfolk javelineer (Depths:3)
  A kraken zombie (Hell)
  13 rakshasas
  11 deep elf high priests
  13 great orbs of eyes
  A hell beast (Depths:2)
  A quicksilver dragon skeleton (Geh:7)
  24 hydras
  33 vault guards
  3 spriggan air magi
  2 ghost crabs (shapeshifter) (Vaults:5)
  A ghost crab (Tar:5)
  The ghost of HUIXAX the Basher, a journeyman GrFi of Okawaru (Orc:1)
  16 naga warriors
  8 ice dragons
  A merfolk aquamancer (Depths:5)
  5 death knights
  9 anacondas
  12 alligators
  5 catoblepae
  An alligator (shapeshifter) (Depths:4)
  31 dancing weapons
  12 centaur warriors
  30 death scarabs
  10 vampire magi
  5 tengu warriors
  8 deep troll shamans
  19 ogre magi
  29 death yaks
  Urug (Lair:4)
  6 deep troll earth magi
  2 spriggan berserkers (Depths:5)
  4 titan zombies
  20 naga sharpshooters
  7 hell hogs
  5 orc high priests
  9 shock serpents
  37 deep elf knights
  77 hell knights
  13 soul eaters
  103 skeletal warriors
  15 iron golems
  2 titan skeletons
  14 sun demons
  17 iron trolls
  A spatial maelstrom (Abyss:3)
  A wretched star (Abyss:3)
  2 sixfirhies
  15 deep trolls
  12 shadow wraiths
  4 storm dragon skeletons
  A golden dragon zombie (Tar:7)
  2 salamander mystics (Snake:4)
  9 sea snakes (Snake:4)
  8 unseen horrors
  2 ghost moth zombies
  6 wizards
  12 shadow demons
  7 anaconda zombies
  2 spriggan druids (Swamp:3)
  6 naga ritualists
  17 phantasmal warriors
  8 glowing orange brains
  A kraken simulacrum (Hell)
  10 flayed ghosts
  3 shambling mangroves
  3 harpies (Vaults:2)
  9 swamp dragons
  30 necromancers
  7 hill giants
  19 orc knights
  24 deep elf archers
  A harpy (shapeshifter) (Depths:1)
  12 ironbrand convokers
  Pikel (D:7)
  2 shadow dragon zombies
  2 anaconda skeletons (Hell)
  3 wolf spider zombies
  113 deep elf magi
  8 frost giant zombies
  2 shadow dragon skeletons
  7 cyclopes
  9 orc sorcerers
  A faun (shapeshifter) (Vaults:5)
  A sphinx zombie (Crypt:1)
  6 iron dragon zombies
  6 mana vipers
  6 stone giant zombies
  A cyclops (shapeshifter) (Vaults:5)
  2 manticores
  12 shining eyes
  A mana viper (shapeshifter) (Depths:4)
  9 salamanders
  An oklob plant (Depths:4)
  3 fire giant zombies
  53 ugly things
  A worldbinder (Abyss:5)
  4 iron dragon skeletons
  An eye of devastation (shapeshifter) (D:14)
  5 fire giant skeletons
  A salamander (shapeshifter) (Vaults:4)
  24 black mambas
  2 dire elephant zombies
  3 stone giant skeletons
  10 guardian serpents (Snake:4)
  31 rust devils
  14 naga magi
  An eye of devastation (Slime:1)
  A water nymph (shapeshifter) (Depths:5)
  A black mamba (shapeshifter) (Vaults:4)
  2 gargoyles
  7 smoke demons
  9 molten gargoyles
  A torpor snail (Lair:6)
  2 ice statues (Hell)
  16 vault sentinels
  14 spiny frogs
  A shock serpent skeleton (Hell)
  8 dire elephant skeletons
  A spiny frog (shapeshifter) (D:14)
  4 orange demons
  76 yaktaurs
  25 hellions
  A komodo dragon (shapeshifter) (Elf:3)
  3 rime drakes
  16 tormentors
  5 komodo dragons
  8 ice devils
  16 freezing wraiths
  3 efreet
  A yellow draconian skeleton (Crypt:2)
  An ancient zyme (Abyss:3)
  A purple draconian skeleton (Crypt:2)
  56 guardian mummies
  6 trolls
  3 iron troll zombies
  11 red devils
  A merfolk (Depths:5)
  A queen bee (shapeshifter) (Vaults:1)
  6 harpy zombies
  A jumping spider (shapeshifter) (Depths:5)
  A merfolk (shapeshifter) (Vaults:4)
  4 tengu conjurers
  3 tyrant leeches
  A two-headed ogre (shapeshifter) (D:14)
  6 hydra zombies
  A meliai (shapeshifter) (Vaults:1)
  7 wind drakes (Depths:1)
  2 polar bears (shapeshifter)
  35 two-headed ogres
  A polar bear (Lair:4)
  13 hippogriffs
  3 alligator zombies
  13 dream sheep
  7 fire dragon zombies
  4 bog bodies
  13 hornets
  8 raiju (Abyss:3)
  132 slime creatures
  A blink frog (shapeshifter) (D:14)
  2 harpy skeletons
  A spriggan zombie (D:15)
  6 hydra skeletons
  2 ice dragon zombies
  3 ettin zombies
  106 flying skulls
  2 black mamba zombies
  16 air elementals
  14 blink frogs
  3 ice dragon skeletons
  2 redbacks (Vaults:5)
  4 small abominations (Abyss:3)
  10 starcursed masses
  35 wraiths
  An ettin skeleton (Crypt:3)
  19 water elementals
  3 fire dragon skeletons
  13 shadows
  Sigmund (D:3)
  2 basilisks
  A ynoxinul (Depths:3)
  6 fire bats (D:12)
  2 spriggans (shapeshifter)
  9 spriggans
  6 vampires
  3 wyverns
  3 hill giant zombies (WizLab)
  29 ushabtiu
  3 black mamba skeletons
  71 yaks
  24 fire elementals
  A human (shapeshifter) (Vaults:1)
  2 golden eyes (shapeshifter)
  4 hogs (Swamp:3)
  3 hungry ghosts
  12 vampire mosquitoes
  A basilisk (shapeshifter) (Vaults:3)
  A mottled dragon (D:15)
  A spatial vortex (Abyss:3)
  A gelid demonspawn zombie (Hell)
  4 soldier ants
  9 wargs
  A merfolk zombie (Dis:6)
  28 insubstantial wisps
  A swamp worm (shapeshifter) (Depths:3)
  65 nagas
  20 swamp worms
  A tengu zombie (D:15)
  2 large abominations (Abyss:3)
  2 spiny frog zombies
  An infernal demonspawn zombie (Crypt:1)
  A hydra simulacrum (Crypt:1)
  13 water moccasins
  5 floating eyes
  30 hell hounds
  9 porcupines
  A hell hound (shapeshifter) (Vaults:3)
  A floating eye (shapeshifter) (Elf:2)
  35 orc warriors
  A swamp dragon zombie (Dis:7)
  2 ice beasts (shapeshifter)
  6 snapping turtle zombies
  A spiny frog skeleton (Geh:7)
  5 phantoms
  16 swamp drakes
  8 ice beasts
  2 black bears (D:6)
  9 eyes of draining
  17 necrophages
  67 ogres
  26 wolves
  12 boggarts
  14 centaurs
  2 manticore skeletons
  A snapping turtle skeleton (Tomb:2)
  2 elf zombies
  10 crocodiles
  A wyvern zombie (D:14)
  2 big kobolds
  A big kobold (shapeshifter) (Vaults:3)
  12 bullfrogs
  3 earth elementals
  A spiny frog simulacrum (Hell)
  3 scorpions
  A water moccasin zombie (D:8)
  A wyvern skeleton (D:10)
  A water moccasin skeleton (D:8)
  10 troll zombies (WizLab)
  A yak zombie (Crypt:1)
  49 wights
  2 electric eels (D:10)
  3 troll skeletons
  A spectral bullfrog (D:13)
  11 centaur zombies
  9 crimson imps
  3 jellies
  A basilisk zombie (Crypt:1)
  4 bullfrog zombies
  10 iron imps
  28 orc priests
  A human zombie (Ossuary)
  3 bullfrog skeletons
  4 hounds
  7 centaur skeletons
  3 iguanas
  A hell rat (shapeshifter) (Vaults:5)
  Natasha (thrice) (D:3)
  6 hell rats (Lair:4)
  30 orc wizards
  16 worker ants
  A dwarf zombie (Crypt:2)
  A naga zombie (Dis:1)
  A big kobold zombie (Ossuary)
  6 ogre zombies
  A crocodile skeleton (Crypt:2)
  A deep dwarf skeleton (Crypt:2)
  A felid skeleton (Crypt:2)
  2 hound zombies
  A tengu skeleton (Geh:5)
  A naga skeleton (Hell)
  A hound skeleton (D:6)
  58 mummies
  A howler monkey zombie (D:7)
  Robin (D:3)
  10 gnolls (D:13)
  12 adders
  12 river rats (Lair:4)
  12 shadow imps
  An ufetubus (Abyss:3)
  An ooze (D:2)
  An adder zombie (D:9)
  A worm (D:3)
  3 ball lightnings (Depths:1)
  3 dart slugs
  2 leopard geckos (D:6)
  104 orcs
  2 ball pythons
  8 bats
  5 giant cockroaches
  18 goblins
  9 hobgoblins
  23 jackals
  14 kobolds
  6 quokkas
  7 frilled lizards
  3 goblin zombies (Ossuary)
  3 hobgoblin zombies (Ossuary)
  3 kobold zombies (Ossuary)
  A leopard gecko skeleton (D:6)
  A leopard gecko zombie (D:5)
  An orc skeleton (Crypt:2)
  9 rats
  A briar patch (Swamp:3)
  3 crawling corpses (Elf:3)
  A fire vortex (Geh:6)
  A plant (Lair:6)
  4 tentacles (Hell)
3956 creatures vanquished.

Vanquished Creatures (collateral kills)
  A Brimstone Fiend (Geh:7)
  2 balrugs (Geh:7)
  2 reapers (Dis:7)
  2 war gargoyles (Dis:7)
  A death ooze (Slime:5)
  2 hell hogs (Geh:7)
  2 skeletal warriors (Dis:7)
  A shadow dragon zombie (Dis:7)
  2 rust devils (Dis:7)
  4 red devils (Geh:7)
  A fire dragon zombie (Dis:7)
  2 flying skulls (Dis:7)
  A fire elemental (Geh:7)
  A wraith (Geh:7)
  A spiny frog skeleton (Geh:7)
  A crimson imp (Geh:7)
26 creatures vanquished.

Vanquished Creatures (others)
  Geryon (Hell)
  A lich (Tomb:2)
  2 deep elf master archers (Elf:3)
  An ancient champion (Tomb:2)
  A fire giant (Elf:1)
  A vault warden (Vaults:5)
  4 stone giants
  A fire dragon (Depths:2)
  3 yaktaur captains
  A great orb of eyes (Vaults:2)
  A centaur warrior (D:15)
  46 death scarabs (Tomb:2)
  2 naga sharpshooters
  A deep elf knight (Elf:2)
  10 deep elf archers
  A stone giant zombie (Tomb:2)
  3 hellions (Geh:7)
  22 yaktaurs
  A guardian mummy (Tomb:2)
  A water elemental (Elf:2)
  A human (Swamp:3)
  A hell hound (Geh:7)
  A naga (Snake:4)
  An orc warrior (Orc:2)
  An ogre (Vaults:5)
  8 centaurs
  A water moccasin zombie (D:7)
  An iron imp (Dis:7)
  An orc wizard (Snake:4)
  An ogre zombie (Geh:7)
  4 mummies (Tomb:2)
  15 ball lightnings (Depths:1)
  2 orcs
  2 briar patches (Swamp:3)
  A fungus (Lair:6)
  4 plants (Lair:6)
  6 starspawn tentacles (Abyss:3)
  4 tentacles (Hell)
159 creatures vanquished.

Grand Total: 4141 creatures vanquished

Notes
Turn   | Place    | Note
-------+----------+-------------------------------------------
     0 | D:1      | Milesaru the Troll Monk began the quest for the Orb.
     0 | D:1      | Reached XP level 1. HP: 22/22 MP: 0/0
    44 | D:1      | Reached XP level 2. HP: 29/29 MP: 1/1
   521 | D:1      | Reached XP level 3. HP: 36/36 MP: 2/2
   649 | D:2      | Found a shadowy altar of Dithmenos.
   764 | D:2      | Reached skill level 4 in Unarmed Combat
   912 | D:2      | Found a deep blue altar of Sif Muna.
   912 | D:2      | Found a radiant altar of Vehumet.
   983 | D:2      | Found a glowing silver altar of Zin.
  1034 | D:2      | Reached XP level 4. HP: 44/44 MP: 3/3
  1054 | D:3      | Noticed Robin
  1077 | D:3      | Killed Robin
  1212 | D:3      | Noticed Sigmund
  1220 | D:3      | Killed Sigmund
  1220 | D:3      | Reached skill level 5 in Unarmed Combat
  1220 | D:3      | Reached XP level 5. HP: 40/53 MP: 4/4
  1404 | D:3      | Reached XP level 6. HP: 57/61 MP: 0/5
  1616 | D:3      | Noticed Natasha
  1626 | D:3      | Killed Natasha
  1686 | D:3      | Noticed Natasha
  1688 | D:3      | Killed Natasha
  1775 | D:3      | Noticed Natasha
  1779 | D:3      | Killed Natasha
  1779 | D:3      | Reached skill level 6 in Unarmed Combat
  1919 | D:4      | Reached XP level 7. HP: 44/67 MP: 2/6
  1954 | D:4      | Found a hazy altar of Hepliaklqana.
  1992 | D:4      | Found a white marble altar of Elyvilon.
  2255 | D:4      | Found a sparkling altar of Nemelex Xobeh.
  2367 | D:4      | Found Becaxtua's Book Emporium.
  2391 | D:5      | Entered Level 5 of the Dungeon
  2494 | D:5      | Reached skill level 7 in Unarmed Combat
  2752 | D:5      | Found a glowing golden altar of the Shining One.
  2758 | D:5      | Reached XP level 8. HP: 70/79 MP: 7/7
  2920 | D:5      | Found Dehelasm's Weapon Emporium.
  3213 | D:6      | Reached skill level 8 in Unarmed Combat
  3231 | D:6      | Reached skill level 5 in Dodging
  3239 | D:6      | Found a staircase to the Ecumenical Temple.
  3253 | Temple   | Entered the Ecumenical Temple
  3300 | Temple   | Became a worshipper of Warmaster Okawaru
  3300 | Temple   | Reached * piety under Okawaru
  3300 | Temple   | Reached ** piety under Okawaru
  3434 | D:6      | Found Taghahun's Assorted Antiques.
  3458 | D:6      | Bought a scroll labeled DAOGOFA AFACO for 30 gold pieces
  3458 | D:6      | Bought a scroll of identify for 60 gold pieces
  3458 | D:6      | Bought a fizzy ruby potion for 27 gold pieces
  3564 | D:6      | Noticed a deep elf mage
  3574 | D:6      | Killed a deep elf mage
  3574 | D:6      | Reached skill level 5 in Fighting
  3574 | D:6      | Reached skill level 9 in Unarmed Combat
  3574 | D:6      | Reached XP level 9. HP: 88/88 MP: 8/8
  3629 | D:7      | Found a sand-covered staircase.
  3635 | Ossuary  | Entered an ossuary
  4118 | D:7      | Reached *** piety under Okawaru
  4343 | D:7      | Reached skill level 10 in Unarmed Combat
  4479 | D:7      | Noticed Pikel
  4487 | D:7      | Killed Pikel
  4861 | D:8      | Noticed a hill giant
  4868 | D:8      | Killed a hill giant
  4868 | D:8      | Reached **** piety under Okawaru
  4868 | D:8      | Reached XP level 10. HP: 62/100 MP: 9/9
  4884 | D:8      | Found Zuiddur's Distillery.
  4901 | D:8      | Bought a potion of degeneration for 13 gold pieces
  4901 | D:8      | Bought a potion of berserk rage for 65 gold pieces
  4901 | D:8      | Bought a potion of heal wounds for 65 gold pieces
  4901 | D:8      | Bought a potion of heal wounds for 65 gold pieces
  4901 | D:8      | Bought a potion of curing for 39 gold pieces
  4901 | D:8      | Bought a potion of curing for 39 gold pieces
  4901 | D:8      | Bought a potion of curing for 39 gold pieces
  4950 | D:8      | Got a steaming lapis lazuli ring
  4952 | D:8      | Identified the ring "Roxzod" {*Tele rC+} (You found it on level 8 of the Dungeon)
  4995 | D:8      | Reached skill level 11 in Unarmed Combat
  5045 | D:8      | You fall through a shaft for 2 floors!
  5045 | D:10     | Entered Level 10 of the Dungeon
  5045 | D:10     | Noticed an obsidian statue
  5049 | D:10     | Noticed a rust devil
  5142 | D:10     | Reached ***** piety under Okawaru
  5174 | D:10     | Got a warped steel ring
  5182 | D:10     | Identified the ring of Sogh {+Fly rC+ MR+ Dex+3 Stlth-} (You found it on level 10 of the Dungeon)
  5562 | D:10     | Found a shimmering altar of Xom.
  5804 | D:10     | Noticed an ice dragon
  5838 | D:10     | Killed an ice dragon
  5838 | D:10     | Reached skill level 12 in Unarmed Combat
  6125 | D:11     | Found a staircase to the Orcish Mines.
  6125 | D:11     | Noticed a purple ugly thing
  6133 | D:11     | Killed a purple ugly thing
  6149 | D:11     | Noticed a white ugly thing
  6154 | D:11     | Killed a white ugly thing
  6154 | D:11     | Reached XP level 11. HP: 75/109 MP: 10/10
  6174 | D:11     | Received a gift from Okawaru
  6335 | D:11     | Noticed a hill giant
  6348 | D:11     | Killed a hill giant
  6466 | D:11     | Noticed a six-headed hydra
  6475 | D:11     | Killed a ten-headed hydra
  6475 | D:11     | Received a gift from Okawaru
  6553 | D:11     | Noticed a green ugly thing
  6561 | D:11     | Killed a green ugly thing
  6795 | D:12     | Noticed a fire giant
  6808 | D:12     | HP: 3/111 [fire bat (5)]
  6827 | D:12     | Reached skill level 13 in Unarmed Combat
  7074 | D:12     | Found a labyrinth entrance.
  7086 | Lab      | Entered a labyrinth
  7592 | Lab      | Noticed a minotaur
  7602 | Lab      | Killed a minotaur
  7603 | Lab      | Identified the Catalogue of Cold
  7604 | Lab      | Got a vibrating glass ring
  7621 | D:12     | Noticed a brown ugly thing
  7632 | D:12     | Killed a brown ugly thing
  7654 | D:12     | Noticed a deep elf mage
  7658 | D:12     | Noticed a soul eater
  7661 | D:12     | Killed a deep elf mage
  7946 | D:12     | Identified the ring of Suspicion {rCorr rF+} (You found it in a labyrinth)
  7973 | D:12     | Noticed an unseen horror
  7989 | D:12     | Killed an unseen horror
  8020 | D:12     | Killed a fire giant
  8020 | D:12     | Reached XP level 12. HP: 92/122 MP: 3/11
  8109 | D:12     | Reached skill level 14 in Unarmed Combat
  8347 | Orc:1    | Entered Level 1 of the Orcish Mines
  8357 | Orc:1    | Noticed HUIXAX's ghost (journeyman GrFi)
  8550 | Orc:1    | Killed HUIXAX's ghost
  8561 | Orc:1    | Reached skill level 1 in Maces & Flails
  8632 | Orc:1    | Found Hiagekh's Jewellery Shop.
  8711 | Orc:1    | Found Adomnoes's Jewellery Boutique.
  8764 | Orc:1    | Bought the ring "Septes" {rC- rN+ MP+9 Str+4 Dex+3} for 544 gold pieces
  8930 | D:9      | Reached ****** piety under Okawaru
  9074 | D:9      | You fall through a shaft for 3 floors!
  9186 | D:9      | Found a staircase to the Lair.
  9225 | D:9      | Received a gift from Okawaru
  9421 | D:8      | You fall through a shaft for 2 floors!
  9509 | D:8      | Found Wauxzel's Food Shop.
  9512 | D:8      | Bought a royal jelly for 20 gold pieces
  9512 | D:8      | Bought a meat ration for 50 gold pieces
  9558 | D:8      | Found a blossoming altar of Fedhas.
  9957 | Lair:1   | Entered Level 1 of the Lair of Beasts
  9991 | Lair:1   | Reached skill level 1 in Fire Magic
 10192 | Lair:1   | Noticed an eight-headed hydra
 10198 | Lair:1   | Killed an 11-headed hydra
 10910 | Lair:2   | Reached skill level 1 in Invocations
 11099 | Lair:2   | Found a staircase to the Swamp.
 11521 | Lair:2   | Reached skill level 10 in Dodging
 11780 | Lair:3   | Received a gift from Okawaru
 11780 | Lair:3   | Reached XP level 13. HP: 132/132 MP: 13/13
 11965 | Lair:3   | Reached skill level 15 in Unarmed Combat
 12121 | Lair:3   | Received a gift from Okawaru
 12128 | Lair:3   | Got a thick robe {god gift}
 12139 | Lair:3   | Identified the +0 robe of Vinacuf {Regen+ Str+7} (Okawaru gifted it to you on level 3 of the Lair of Beasts)
 12466 | Lair:4   | Reached skill level 10 in Fighting
 12764 | Lair:4   | Noticed Urug
 12774 | Lair:4   | Killed Urug
 13269 | Lair:4   | Found a staircase to the Snake Pit.
 13524 | Lair:5   | Identified a scroll of acquirement
 13632 | Lair:5   | Got a pair of ancient boots
 13716 | Lair:5   | Found a staircase to the Slime Pits.
 14175 | Lair:6   | Entered Level 6 of the Lair of Beasts
 14241 | Lair:6   | Received a gift from Okawaru
 14725 | D:9      | Reached skill level 16 in Unarmed Combat
 14837 | Orc:1    | Bought the brooch of Shielding {Reflect SH+8} for 512 gold pieces
 15026 | Lair:6   | Reached XP level 14. HP: 127/144 MP: 16/16
 15184 | Lair:6   | Reached skill level 1 in Shields
 15193 | Lair:6   | Received a gift from Okawaru
 15892 | Lair:6   | Received a gift from Okawaru
 16496 | D:13     | Reached skill level 17 in Unarmed Combat
 16502 | D:13     | Noticed Azrael
 16509 | D:13     | Killed Azrael
 16985 | D:13     | Reached XP level 15. HP: 154/154 MP: 17/17
 17151 | D:13     | Received a gift from Okawaru
 17173 | D:13     | Got a serpentine marble ring
 17204 | D:13     | Identified the cursed ring "Vacluss" {MR+ AC-6 Int+5} (You found it on level 13 of the Dungeon)
 17625 | D:14     | Found a portal to a secret trove of treasure.
 17687 | Trove    | Entered a treasure trove
 17723 | Trove    | Got a wavering brass ring
 17736 | Trove    | Got a heavily runed amber ring
 17740 | Trove    | Got a pitted bone ring
 17753 | Trove    | Identified the ring of Nunuel Othu {rPois rF+ MP+9 Str-5 Dex+6} (You found it in a treasure trove)
 17763 | Trove    | Identified the ring "Guobra Siph" {Str+2 Int+4 Dex-2 Stlth+} (You found it in a treasure trove)
 17767 | Trove    | Identified the ring "Hen Cago" {rF+ rN+++ Str+3 Dex+3} (You found it in a treasure trove)
 17788 | Trove    | Got a transparent pewter ring
 17790 | Trove    | Got a coiled zirconium amulet
 17792 | Trove    | Got a heavily runed golden ring
 17797 | Trove    | Identified the ring of Dasuoh {EV+6 Dex+3} (You found it in a treasure trove)
 17799 | Trove    | Identified the amulet "Hiadasti" {MR+ Regen+ Int+4} (You found it in a treasure trove)
 17801 | Trove    | Identified the ring of Benevolence {rC+ Stlth-} (You found it in a treasure trove)
 17862 | D:14     | Found Muckael's Food Shop.
 17870 | D:14     | Bought a bread ration for 70 gold pieces
 17870 | D:14     | Bought a bread ration for 70 gold pieces
 17870 | D:14     | Bought a bread ration for 70 gold pieces
 17870 | D:14     | Bought a meat ration for 70 gold pieces
 17870 | D:14     | Bought a meat ration for 70 gold pieces
 18099 | D:14     | Reached skill level 5 in Shields
 18210 | D:14     | Found a gate to the Vaults.
 18355 | D:14     | Noticed Agnes
 18377 | D:14     | Killed Agnes
 18719 | D:15     | Entered Level 15 of the Dungeon
 19059 | D:15     | Reached skill level 18 in Unarmed Combat
 19116 | D:15     | Found a staircase to the Depths.
 20051 | Snake:1  | Entered Level 1 of the Snake Pit
 20269 | Snake:1  | Reached XP level 16. HP: 139/165 MP: 18/18
 21031 | Snake:2  | Found Huwazigesa's Antique Weapon Emporium.
 21031 | Snake:2  | Found Cifogeuq's Gadget Shoppe.
 21604 | Snake:3  | Found a stormy altar of Qazlal.
 21673 | Snake:3  | Found Eqautow's Jewellery Boutique.
 21849 | Snake:3  | Received a gift from Okawaru
 22198 | Snake:4  | Entered Level 4 of the Snake Pit
 22241 | Snake:4  | Reached skill level 19 in Unarmed Combat
 22410 | Snake:4  | Noticed Saint Roka
 22487 | Snake:4  | Killed Saint Roka
 22492 | Snake:4  | Reached XP level 17. HP: 128/175 MP: 9/19
 22702 | Snake:4  | Noticed Vashnia
 22765 | Snake:4  | Killed Vashnia
 23216 | Snake:4  | Noticed Aizul
 23224 | Snake:4  | Killed Aizul
 23243 | Snake:4  | Received a gift from Okawaru
 23739 | Snake:4  | Received a gift from Okawaru
 23739 | Snake:4  | Reached skill level 20 in Unarmed Combat
 23894 | Snake:4  | Got a serpentine rune of Zot
 24199 | Swamp:1  | Entered Level 1 of the Swamp
 24440 | Swamp:1  | Received a gift from Okawaru
 24621 | Swamp:1  | Learned a level 6 spell: Hydra Form
 24871 | Swamp:1  | Reached XP level 18. HP: 187/187 MP: 17/20
 26028 | Swamp:3  | Noticed Roxanne
 26044 | Swamp:3  | Killed Roxanne
 26067 | Swamp:3  | Learned a level 6 spell: Statue Form
 26151 | Swamp:3  | Noticed Kirke
 26184 | Swamp:3  | Killed Kirke
 26304 | Swamp:3  | Reached skill level 5 in Invocations
 26481 | Swamp:3  | Reached skill level 15 in Dodging
 26793 | Swamp:4  | Entered Level 4 of the Swamp
 27016 | Swamp:4  | Noticed grisgris's ghost (adept GrMo)
 27040 | Swamp:4  | Killed grisgris's ghost
 27691 | Swamp:4  | Reached skill level 21 in Unarmed Combat
 27826 | Swamp:4  | Got a decaying rune of Zot
 28186 | Vaults:1 | Entered Level 1 of the Vaults
 28253 | Vaults:1 | Received a gift from Okawaru
 28256 | Vaults:1 | Reached skill level 1 in Transmutations
 28285 | Vaults:1 | Paralysed by a hornet for 1 turns
 29009 | Vaults:1 | Reached XP level 19. HP: 178/197 MP: 19/22
 29520 | Vaults:2 | Received a gift from Okawaru
 29524 | Vaults:2 | Got a warped robe {god gift}
 29535 | Vaults:2 | Identified the +1 robe of Youthful Indiscretion {+Inv} (Okawaru gifted it to you on level 2 of the Vaults)
 30583 | Vaults:2 | Paralysed by a great orb of eyes for 2 turns
 30599 | Vaults:2 | Found Wufytiecw's General Store.
 30616 | Vaults:2 | Bought a scroll of blinking for 120 gold pieces
 30616 | Vaults:2 | Bought a scroll of acquirement for 832 gold pieces
 30876 | Vaults:3 | Found a staircase to the Crypt.
 31424 | Vaults:3 | Reached skill level 22 in Unarmed Combat
 31520 | Vaults:3 | Received a gift from Okawaru
 31526 | Vaults:3 | Got a crude giant spiked club {god gift}
 31532 | Vaults:3 | Identified the +8 giant spiked club "Kogeh" {crush, rC+ Str+3 Int+4} (Okawaru gifted it to you on level 3 of the Vaults)
 31630 | Vaults:3 | Noticed Jory
 31647 | Vaults:3 | Killed Jory
 31773 | Vaults:3 | Noticed a Tzitzimitl
 31782 | Vaults:3 | Reached XP level 20. HP: 127/208 MP: 20/23
 31889 | Vaults:3 | Found Woakerhefro's Antique Armour Emporium.
 32460 | Vaults:4 | Reached skill level 10 in Shields
 32489 | Vaults:4 | Received a gift from Okawaru
 32498 | Vaults:4 | Noticed Jorgrun
 32522 | Vaults:4 | Killed Jorgrun
 32522 | Vaults:4 | Reached skill level 15 in Fighting
 32769 | Vaults:4 | Learned a level 1 spell: Beastly Appendage
 32986 | Vaults:4 | Found a magical portal.
 32995 | WizLab   | Entered Zonguldrok's Shrine
 33311 | WizLab   | Noticed an antique lich
 33321 | WizLab   | Killed an antique lich
 33682 | Vaults:4 | Received a gift from Okawaru
 34038 | Vaults:5 | Entered Level 5 of the Vaults
 34097 | Vaults:4 | Reached skill level 23 in Unarmed Combat
 34238 | Vaults:4 | Reached XP level 21. HP: 89/218 MP: 21/24
 34891 | Vaults:4 | Received a gift from Okawaru
 35302 | Vaults:5 | Noticed loralnil's ghost (veteran FoFi)
 35302 | Vaults:5 | Cast into level 3 of the Abyss (a deep elf demonologist)
 35517 | Vaults:5 | Escaped the Abyss
 35978 | Vaults:5 | Received a gift from Okawaru
 35982 | Vaults:5 | Got a steaming hat {god gift}
 36078 | Vaults:5 | Identified the +0 hat of Ymawn {rElec Int+3 Dex+3} (Okawaru gifted it to you on level 5 of the Vaults)
 36230 | Vaults:5 | Reached XP level 22. HP: 230/230 MP: 25/25
 36255 | Vaults:5 | Reached skill level 24 in Unarmed Combat
 36408 | Vaults:5 | Killed loralnil's ghost
 36440 | Vaults:5 | Got an ancient robe
 36476 | Vaults:4 | Identified the +2 robe of the Six Songs {rF+ Int+3} (You found it on level 5 of the Vaults)
 36704 | Vaults:5 | Found Wuill's Antique Armour Shoppe.
 36820 | Vaults:5 | Bought an embroidered cloak for 430 gold pieces
 37371 | Vaults:5 | Noticed Mennas
 37384 | Vaults:5 | Killed Mennas
 37384 | Vaults:5 | Received a gift from Okawaru
 37387 | Vaults:5 | Got a pitted troll leather armour {god gift}
 37398 | Vaults:5 | Identified the +0 troll leather armour "Dusoados" {rElec Regen+ Int+3} (Okawaru gifted it to you on level 5 of the Vaults)
 37474 | Vaults:5 | Got a silver rune of Zot
 37504 | Vaults:5 | Found Kida's Jewellery Shoppe.
 37512 | Vaults:5 | Found Igaqeb's Jewellery Shop.
 37516 | Vaults:5 | Bought the ring "Tipnimu" {Int-3 Slay+2 SInv Stlth+} for 308 gold pieces
 37694 | Vaults:5 | Found Comea's Distillery.
 37694 | Vaults:5 | Found Paykhurgh's Distillery.
 37700 | Vaults:5 | Bought a potion of beneficial mutation for 560 gold pieces
 37700 | Vaults:5 | Bought a potion of haste for 160 gold pieces
 37700 | Vaults:5 | Bought a potion of agility for 64 gold pieces
 37700 | Vaults:5 | Bought a potion of curing for 48 gold pieces
 37707 | Vaults:5 | Bought a potion of heal wounds for 90 gold pieces
 37707 | Vaults:5 | Bought a potion of heal wounds for 90 gold pieces
 37707 | Vaults:5 | Bought a potion of curing for 54 gold pieces
 37707 | Vaults:5 | Bought a potion of heal wounds for 90 gold pieces
 37707 | Vaults:5 | Bought a potion of invisibility for 144 gold pieces
 37707 | Vaults:5 | Bought a potion of heal wounds for 90 gold pieces
 37707 | Vaults:5 | Gained mutation: You are somewhat resistant to further mutation. [potion of beneficial mutation]
 37723 | Vaults:5 | Found Buewk's Distillery.
 37728 | Vaults:5 | Bought 2 potions of haste for 380 gold pieces
 37728 | Vaults:5 | Bought a potion of heal wounds for 95 gold pieces
 37728 | Vaults:5 | Bought a potion of invisibility for 152 gold pieces
 37728 | Vaults:5 | Bought a potion of curing for 57 gold pieces
 37951 | Vaults:5 | Bought a potion of invisibility for 152 gold pieces
 37951 | Vaults:5 | Bought a potion of resistance for 190 gold pieces
 38261 | Depths:1 | Entered Level 1 of the Depths
 38361 | Depths:1 | Noticed Mara
 38369 | Depths:1 | Killed Mara
 38652 | Depths:1 | Found a one-way gate to the infinite horrors of the Abyss.
 38747 | Depths:1 | Found a gateway to a ziggurat.
 39198 | Depths:1 | Reached XP level 23. HP: 240/240 MP: 26/26
 39256 | Depths:1 | Found a gateway to Hell.
 39579 | Depths:2 | Reached skill level 25 in Unarmed Combat
 39618 | Depths:2 | Received a gift from Okawaru
 40113 | Depths:2 | Noticed a caustic shrike
 40114 | Depths:2 | Noticed a caustic shrike
 40115 | Depths:2 | Noticed a caustic shrike
 40115 | Depths:2 | Noticed a caustic shrike
 40116 | Depths:2 | Noticed a caustic shrike
 40128 | Depths:2 | Killed a caustic shrike
 40134 | Depths:2 | Killed a caustic shrike
 40144 | Depths:2 | Killed a caustic shrike
 40150 | Depths:2 | Killed a caustic shrike
 40156 | Depths:2 | Killed a caustic shrike
 40372 | Depths:2 | Found a one-way gate leading to the halls of Pandemonium.
 40580 | Depths:2 | Noticed a caustic shrike
 40581 | Depths:2 | Noticed a caustic shrike
 40582 | Depths:2 | Noticed a caustic shrike
 40583 | Depths:2 | Noticed a caustic shrike
 40622 | Depths:1 | Killed a caustic shrike
 40626 | Depths:1 | Killed a caustic shrike
 40626 | Depths:1 | Received a gift from Okawaru
 40769 | Depths:2 | Killed a caustic shrike
 40772 | Depths:2 | Killed a caustic shrike
 41487 | Depths:3 | Reached XP level 24. HP: 134/253 MP: 19/26
 41594 | Depths:3 | Noticed Sojobo
 41623 | Depths:3 | Killed Sojobo
 42037 | Depths:3 | Reached skill level 26 in Unarmed Combat
 42137 | Depths:3 | Received a gift from Okawaru
 42522 | Depths:4 | Found Woczi's Armour Boutique.
 42578 | Depths:4 | Found Maakhaqo's Changing Room.
 42601 | Depths:4 | Bought a potion of beneficial mutation for 665 gold pieces
 42601 | Depths:4 | Gained mutation: Your muscles are strong. (Str +2) [potion of beneficial mutation]
 43177 | Depths:4 | Received a gift from Okawaru
 43522 | Depths:4 | Bought a potion of beneficial mutation for 665 gold pieces
 43522 | Depths:4 | Gained mutation: You are partially covered in large bone plates. (SH +4) [potion of beneficial mutation]
 43757 | Depths:5 | Entered Level 5 of the Depths
 43797 | Depths:5 | Noticed a juggernaut
 43807 | Depths:5 | Killed a juggernaut
 43860 | Depths:5 | Paralysed by a floating eye for 3 turns
 43895 | Depths:5 | Paralysed by a floating eye for 4 turns
 44111 | Depths:5 | Received a gift from Okawaru
 44118 | Depths:5 | Got a steaming large shield {god gift}
 44158 | Depths:5 | Identified the +2 large shield of Xighiw {rF- Str+7} (Okawaru gifted it to you on level 5 of the Depths)
 44221 | Depths:5 | Paralysed by a floating eye for 4 turns
 44347 | Depths:5 | Found Ofadd's Armour Shop.
 44406 | Depths:5 | Got a glittering tin ring
 44473 | Depths:5 | Identified the ring "Ymaumis" {rCorr rF- Str+10 Dex+4 Stlth-} (You took it off a skeletal warrior on level 5 of the Depths)
 44494 | Depths:5 | Reached XP level 25. HP: 223/263 MP: 26/26
 44567 | Depths:5 | Got a smoking platinum ring
 44570 | Depths:5 | Identified the ring of Miquotu {rN+ MR+} (You found it on level 5 of the Depths)
 44613 | Depths:5 | Paralysed by a floating eye for 4 turns
 44644 | Depths:5 | Found a gate to the Realm of Zot.
 44760 | Depths:5 | Found Nogroxu's Jewellery Shop.
 44805 | Depths:5 | Got a transparent steel ring
 44888 | Depths:5 | Noticed a juggernaut
 44892 | Depths:5 | Killed a juggernaut
 44892 | Depths:5 | Received a gift from Okawaru
 44918 | Depths:5 | Identified the cursed ring "Vuiroeha" {*Slow Int-2 Slay+2 Stlth+} (You took it off a spriggan defender on level 5 of the Depths)
 46254 | Crypt:1  | Entered Level 1 of the Crypt
 46316 | Crypt:1  | Reached skill level 27 in Unarmed Combat
 46457 | Crypt:1  | Reached skill level 1 in Armour
 47148 | Crypt:2  | Noticed an ancient lich
 47159 | Crypt:2  | Killed an ancient lich
 47539 | Crypt:2  | Reached skill level 15 in Shields
 47542 | Crypt:2  | Received a gift from Okawaru
 47567 | Crypt:3  | Entered Level 3 of the Crypt
 48204 | Crypt:3  | Noticed Margery
 48213 | Crypt:3  | Killed Margery
 48213 | Crypt:3  | Reached skill level 5 in Armour
 48339 | Crypt:3  | Found a staircase to the Tomb.
 48386 | Crypt:3  | Reached XP level 26. HP: 263/276 MP: 26/26
 48872 | D:5      | Fell from the grace of Okawaru
 48872 | D:5      | Became a worshipper of the Shining One
 49292 | Crypt:3  | Reached * piety under the Shining One
 49375 | Crypt:3  | Found an ancient bone altar of Kikubaaqudgha.
 49376 | Crypt:3  | Noticed an ancient lich
 49387 | Crypt:3  | Killed an ancient lich
 49430 | Crypt:3  | Got a vibrating marble ring
 49430 | Crypt:3  | Got a slimy bronze ring
 49434 | Crypt:3  | Identified the ring of Fyumibi {rElec rN+ MR+++ Dex-2 Stlth+} (You found it on level 3 of the Crypt)
 49436 | Crypt:3  | Identified the ring of Deisis {rC+ rN+ Dex+4} (You found it on level 3 of the Crypt)
 49554 | Crypt:3  | Reached ** piety under the Shining One
 49862 | Orc:2    | Entered Level 2 of the Orcish Mines
 50172 | Orc:2    | Found Nonin's Antique Weapon Boutique.
 50233 | Orc:2    | Found Senoug's Assorted Antiques.
 50583 | Orc:2    | Found Nonarhil's Antique Armour Shoppe.
 50585 | Orc:2    | Found Gaiqanty's Food Boutique.
 50616 | Orc:2    | Bought a potion of heal wounds for 125 gold pieces
 50616 | Orc:2    | Bought a silver wand for 100 gold pieces
 50687 | Orc:2    | Found a staircase to the Elven Halls.
 51059 | Orc:1    | Noticed Vajrapani's ghost (journeyman DrEE)
 51069 | Orc:1    | Killed Vajrapani's ghost
 51071 | Orc:1    | Found Reun's Book Emporium.
 51115 | Orc:1    | Found a roughly hewn altar of Beogh.
 51218 | Elf:1    | Entered Level 1 of the Elven Halls
 51449 | Elf:1    | Noticed Nikola
 51463 | Elf:1    | Killed Nikola
 52368 | Elf:1    | Reached *** piety under the Shining One
 52547 | Elf:2    | Found a runed gate.
 52547 | Elf:2    | Found a runed gate.
 52547 | Elf:2    | Found a runed gate.
 53156 | Elf:2    | Reached **** piety under the Shining One
 53523 | Elf:2    | Found Joamaq's Assorted Antiques.
 53558 | Elf:2    | Bought a wand of heal wounds for 576 gold pieces
 53558 | Elf:2    | Bought a potion of curing for 72 gold pieces
 53558 | Elf:2    | Bought a scroll of teleportation for 72 gold pieces
 53558 | Elf:2    | Bought 2 potions of curing for 144 gold pieces
 53627 | Elf:2    | Found a radiant altar of Vehumet.
 53757 | Elf:3    | Entered Level 3 of the Elven Halls
 53905 | Elf:3    | Reached skill level 10 in Armour
 54047 | Elf:3    | Found Musibiom's Food Shop.
 54269 | Elf:3    | Noticed Louise
 54276 | Elf:3    | Killed Louise
 54385 | Elf:3    | Cast into level 2 of the Abyss (a deep elf sorcerer)
 54409 | Elf:3    | Escaped the Abyss
 54437 | Elf:3    | Reached ***** piety under the Shining One
 54495 | Elf:3    | Reached XP level 27. HP: 288/288 MP: 26/26
 54760 | Elf:3    | Identified Texovur's Guide on Darkness
 54799 | Elf:3    | Gained mutation: You have a pair of small antennae on your head. [potion of beneficial mutation]
 54810 | Elf:3    | Got shimmering fire dragon scales
 54821 | Elf:3    | Identified the +3 fire dragon scales "Xueryn" {rF++ rC- rN+ MR+ SInv} (You found it on level 3 of the Elven Halls)
 54921 | Elf:3    | Got a clouded steel ring
 54927 | Elf:3    | Got a pitted amber ring
 54949 | Elf:3    | Identified the ring of the Snail {Wiz Int+2 SInv} (You found it on level 3 of the Elven Halls)
 54951 | Elf:3    | Identified the ring "Wuryoff" {rC+ rN+ MR- Int+2 Stlth+} (You found it on level 3 of the Elven Halls)
 54969 | Elf:3    | Got a scintillating brass ring
 54994 | Elf:3    | Identified the ring of Circularity {rElec rN+ Str+5 Dex-4} (You found it on level 3 of the Elven Halls)
 55030 | Elf:3    | Identified the Disquisition on Dusty Envenoming
 55204 | Elf:3    | Found Zyjoem's Distillery.
 55227 | Elf:3    | Bought 2 potions of cure mutation for 800 gold pieces
 55227 | Elf:3    | Bought a potion of haste for 160 gold pieces
 55227 | Elf:3    | Bought a potion of curing for 48 gold pieces
 55227 | Elf:3    | Bought a potion of curing for 48 gold pieces
 55795 | Tomb:1   | Entered Level 1 of the Tomb of the Ancients
 55943 | Tomb:1   | Noticed a greater mummy
 56033 | Tomb:1   | Killed a greater mummy
 56309 | Tomb:1   | Noticed a greater mummy
 56317 | Tomb:1   | Killed a greater mummy
 56383 | Tomb:1   | Reached ****** piety under the Shining One
 56742 | Tomb:1   | Noticed an ancient lich
 56748 | Tomb:1   | Cast into level 5 of the Abyss (an ancient lich)
 56748 | Abyss:5  | Entered Level 5 of the Abyss
 56813 | Tomb:1   | Escaped the Abyss
 56816 | Tomb:1   | Killed an ancient lich
 57134 | Tomb:1   | Was forgiven by Okawaru
 57282 | Tomb:2   | Noticed a greater mummy
 57282 | Tomb:2   | Noticed a greater mummy
 57283 | Tomb:2   | Noticed a greater mummy
 57407 | Tomb:2   | Noticed a greater mummy
 57532 | Tomb:1   | Killed a greater mummy
 58034 | Tomb:1   | Killed a greater mummy
 58441 | Tomb:1   | Killed a greater mummy
 58564 | Tomb:2   | Killed a greater mummy
 59334 | Tomb:1   | Noticed a greater mummy
 59334 | Tomb:1   | Noticed a greater mummy
 59334 | Tomb:1   | Noticed a greater mummy
 59338 | Tomb:1   | Killed a greater mummy
 59521 | Tomb:2   | Killed a greater mummy
 59528 | Tomb:2   | Killed a greater mummy
 59714 | Tomb:1   | Noticed a greater mummy
 59893 | Tomb:2   | Killed a greater mummy
 60025 | Tomb:1   | Noticed a greater mummy
 60033 | Tomb:1   | Killed a greater mummy
 60035 | Tomb:1   | Noticed a greater mummy
 60069 | Tomb:1   | Killed a greater mummy
 60243 | Tomb:1   | Noticed a greater mummy
 60244 | Tomb:1   | Noticed a greater mummy
 60267 | Tomb:1   | Killed a greater mummy
 60276 | Tomb:1   | Killed a greater mummy
 60404 | Tomb:1   | Noticed a greater mummy
 60420 | Tomb:1   | Killed a greater mummy
 60439 | Tomb:1   | Noticed a greater mummy
 60446 | Tomb:1   | Killed a greater mummy
 60561 | Tomb:1   | Noticed a greater mummy
 60586 | Tomb:1   | Killed a greater mummy
 60616 | Tomb:1   | Noticed a greater mummy
 60626 | Tomb:1   | Killed a greater mummy
 60659 | Tomb:1   | Noticed a greater mummy
 60671 | Tomb:1   | Killed a greater mummy
 60769 | Tomb:1   | Noticed a greater mummy
 60775 | Tomb:1   | Noticed a greater mummy
 60782 | Tomb:1   | Noticed a greater mummy
 60784 | Tomb:1   | Killed a greater mummy
 60789 | Tomb:1   | Killed a greater mummy
 60791 | Tomb:1   | Noticed a greater mummy
 60795 | Tomb:1   | Killed a greater mummy
 61075 | Tomb:1   | Killed a greater mummy
 61075 | Tomb:1   | Reached skill level 15 in Armour
 61191 | Tomb:1   | Noticed a greater mummy
 61199 | Tomb:1   | Killed a greater mummy
 61726 | Tomb:3   | Entered Level 3 of the Tomb of the Ancients
 61928 | Tomb:3   | Noticed a greater mummy
 61967 | Tomb:3   | Noticed a greater mummy
 62372 | Tomb:3   | Noticed an ancient lich
 62373 | Tomb:3   | Noticed a greater mummy
 62423 | Tomb:2   | Killed a greater mummy
 62565 | Tomb:2   | Killed a greater mummy
 62832 | Tomb:2   | Killed an ancient lich
 63095 | Tomb:2   | Killed a greater mummy
 64529 | Tomb:3   | Noticed a greater mummy
 64655 | Tomb:3   | Killed a greater mummy
 64788 | Tomb:3   | Got a scorched platinum ring
 64811 | Tomb:3   | Got a shimmering ivory ring
 64902 | Tomb:3   | Identified the ring of Quarrel {rF+ MR++ EV+3 Int-2} (You found it on level 3 of the Tomb of the Ancients)
 64904 | Tomb:3   | Identified the cursed ring of Ebusmis {*Corrode rC+++ rN+++ Str-2 Dex-5} (You found it on level 3 of the Tomb of the Ancients)
 64932 | Tomb:3   | Noticed a greater mummy
 64933 | Tomb:3   | Noticed an ancient lich
 64984 | Tomb:3   | Killed an ancient lich
 65056 | Tomb:2   | Killed a greater mummy
 65277 | Tomb:3   | Noticed a greater mummy
 65537 | Tomb:3   | Killed a greater mummy
 65723 | Tomb:3   | Noticed a greater mummy
 65743 | Tomb:3   | Killed a greater mummy
 65779 | Tomb:3   | Got a crude bone ring
 65825 | Tomb:3   | Got a brightly glowing marble ring
 65851 | Tomb:3   | Identified the ring of Elesyew {+Inv rElec rPois MR- Str+4} (You found it on level 3 of the Tomb of the Ancients)
 65853 | Tomb:3   | Identified the ring "Esmej" {rElec rPois rC++ MR+ Str-5 Int+4} (You found it on level 3 of the Tomb of the Ancients)
 65863 | Tomb:3   | Noticed a greater mummy
 65874 | Tomb:3   | Killed a greater mummy
 66002 | Tomb:3   | Got a golden rune of Zot
 66859 | Slime:1  | Entered Level 1 of the Pits of Slime
 66861 | Slime:1  | Gained mutation: You are clumsy. (Dex -2) [a shining eye]
 67783 | Slime:3  | Gained mutation: You occasionally shout uncontrollably at your foes. [a shining eye]
 67875 | Slime:3  | Gained mutation: Your spells are a little easier to cast, but a little less powerful. [a shining eye]
 68711 | Slime:4  | Gained mutation: You are dopey. (Int -2) [a shining eye]
 69183 | Slime:5  | Entered Level 5 of the Pits of Slime
 69224 | Slime:5  | Gained mutation: You are occasionally teleported next to monsters. [a shining eye]
 69516 | Slime:5  | Noticed the Royal Jelly
 69527 | Slime:5  | Killed the Royal Jelly
 69913 | Slime:5  | Got a slimy rune of Zot
 70365 | Hell     | Entered the Vestibule of Hell
 70380 | Hell     | Noticed Geryon
 70397 | Hell     | Noticed Murray
 70421 | Depths:1 | Killed Murray
 70660 | Hell     | Killed Geryon
 70788 | Hell     | Lost mutation: Your spells are a little easier to cast, but a little less powerful. [potion of cure mutation]
 70788 | Hell     | Lost mutation: You are somewhat resistant to further mutation. [potion of cure mutation]
 70788 | Hell     | Lost mutation: You are clumsy. (Dex -2) [potion of cure mutation]
 70788 | Hell     | Lost mutation: Your muscles are strong. (Str +2) [potion of cure mutation]
 70789 | Hell     | Lost mutation: You occasionally shout uncontrollably at your foes. [potion of cure mutation]
 70789 | Hell     | Lost mutation: You are partially covered in large bone plates. (SH +4) [potion of cure mutation]
 70789 | Hell     | Lost mutation: You are occasionally teleported next to monsters. [potion of cure mutation]
 70789 | Hell     | Lost mutation: You are dopey. (Int -2) [potion of cure mutation]
 70877 | Hell     | Found a gateway to the Iron City of Dis.
 71001 | Hell     | Found a gateway to the freezing wastes of Cocytus.
 71060 | Hell     | Found a gateway to the decaying netherworld of Tartarus.
 71131 | Hell     | Found a gateway to the ashen valley of Gehenna.
 71485 | Tar:1    | Entered Level 1 of Tartarus
 72383 | Tar:7    | Entered Level 7 of Tartarus
 73187 | Tar:7    | Noticed Ereshkigal
 73195 | Tar:7    | Killed Ereshkigal
 73237 | Tar:7    | Noticed an ancient lich
 73245 | Tar:7    | Killed an ancient lich
 73300 | Tar:7    | Got a bone rune of Zot
 73403 | Tar:7    | Got a shimmering pewter amulet
 73510 | Hell     | Identified the amulet "Natiu" {Reflect Fragile rF+ rN+ Int+2 SH+5} (You found it on level 7 of Tartarus)
 73572 | Geh:1    | Entered Level 1 of Gehenna
 74460 | Geh:7    | Entered Level 7 of Gehenna
 74812 | Geh:7    | Gained mutation: Armour fits poorly on your strangely shaped body. [mutagenic glow]
 75175 | Geh:7    | Noticed Asmodeus
 75194 | Geh:7    | Killed Asmodeus
 75208 | Geh:7    | Got an obsidian rune of Zot
 75699 | Orc:2    | Bought a bread ration for 50 gold pieces
 75699 | Orc:2    | Bought a meat ration for 50 gold pieces
 75699 | Orc:2    | Bought a meat ration for 50 gold pieces
 75699 | Orc:2    | Bought a bread ration for 50 gold pieces
 75699 | Orc:2    | Bought a bread ration for 50 gold pieces
 75699 | Orc:2    | Bought a meat ration for 50 gold pieces
 75699 | Orc:2    | Bought 3 fruits for 45 gold pieces
 75699 | Orc:2    | Bought a meat ration for 50 gold pieces
 75699 | Orc:2    | Bought a meat ration for 50 gold pieces
 75699 | Orc:2    | Bought a slice of pizza for 15 gold pieces
 75699 | Orc:2    | Bought a slice of pizza for 15 gold pieces
 75857 | D:14     | Bought a bread ration for 70 gold pieces
 75857 | D:14     | Bought a meat ration for 70 gold pieces
 75857 | D:14     | Bought a bread ration for 70 gold pieces
 75857 | D:14     | Bought a bread ration for 70 gold pieces
 75857 | D:14     | Bought a royal jelly for 28 gold pieces
 75857 | D:14     | Bought a meat ration for 70 gold pieces
 75857 | D:14     | Bought a slice of pizza for 21 gold pieces
 75963 | D:8      | Bought a beef jerky for 15 gold pieces
 75963 | D:8      | Bought a bread ration for 50 gold pieces
 75963 | D:8      | Bought a bread ration for 50 gold pieces
 75963 | D:8      | Bought a beef jerky for 15 gold pieces
 75963 | D:8      | Bought a bread ration for 50 gold pieces
 75963 | D:8      | Bought a meat ration for 50 gold pieces
 75963 | D:8      | Bought 6 fruits for 90 gold pieces
 75963 | D:8      | Bought 4 fruits for 60 gold pieces
 76221 | Elf:3    | Bought a beef jerky for 19 gold pieces
 76221 | Elf:3    | Bought a beef jerky for 19 gold pieces
 76221 | Elf:3    | Bought 3 fruits for 58 gold pieces
 76221 | Elf:3    | Bought a meat ration for 65 gold pieces
 76221 | Elf:3    | Bought a beef jerky for 19 gold pieces
 76221 | Elf:3    | Bought a beef jerky for 19 gold pieces
 76221 | Elf:3    | Bought 2 fruits for 39 gold pieces
 77593 | Dis:1    | Entered Level 1 of the Iron City of Dis
 78240 | Dis:7    | Entered Level 7 of the Iron City of Dis
 79064 | Dis:7    | Got a faintly glowing marble ring
 79132 | Dis:7    | Noticed the Serpent of Hell
 79156 | Dis:7    | Killed the Serpent of Hell
 79314 | Dis:7    | Noticed Dispater
 79342 | Dis:7    | Killed Dispater
 79399 | Dis:7    | Got an iron rune of Zot
 79592 | Dis:7    | Killed from afar by an Ice Fiend

Skill      XL: |  1  2  3  4  5  6  7  8  9 10 11 12 13 14 15 16 17 18 19 20 21 22 23 24 25 26 27 |
---------------+----------------------------------------------------------------------------------+-----
Unarmed Combat | 4 5 6 7 9 10 12 13 14 16 17 18 19 20 21 22 23 24 25 26 27 | 27.0
Dodging        | 3 4 5 6 7 8 10 11 12 13 14 15 16 17 18 19 20 24 | 24.9
Fighting       | 3 4 5 6 7 8 9 10 11 12 13 14 15 16 17 18 19 24 | 24.1
Maces & Flails | 1 |  1.9
Fire Magic     | 1 |  1.5
Invocations    | 1 4 6 |  6.0
Shields        | 4 6 7 9 10 11 12 13 14 15 | 15.0
Transmutations | 2 4 |  4.6
Armour         | 5 10 21 | 21.1
Stealth        | |  1.0

Action                   |  1- 3 |  4- 6 |  7- 9 | 10-12 | 13-15 | 16-18 | 19-21 | 22-24 | 25-27 || total
-------------------------+-------+-------+-------+-------+-------+-------+-------+-------+-------++-------
Melee: Unarmed           |    97 |   129 |   311 |   592 |  1117 |  1416 |  1563 |  1443 |  4963 || 11631
       Punch             |     3 |       |    16 |    53 |    66 |       |       |       |       ||   138
       Great mace        |       |       |       |    44 |       |       |       |       |       ||    44
       Kick              |       |       |       |       |       |       |    38 |       |       ||    38
Throw: Large rock        |       |       |       |       |    11 |    16 |       |     9 |   106 ||   142
 Cast: Beastly Appendage |       |       |       |       |       |       |     6 |       |       ||     6
Invok: Heroism           |       |       |       |     7 |     9 |    40 |    26 |    18 |       ||   100
       Finesse           |       |       |       |     1 |     4 |    22 |    17 |     9 |       ||    53
       Divine Shield     |       |       |       |       |       |       |       |       |    10 ||    10
       Summon Divine War |       |       |       |       |       |       |       |       |    11 ||    11
       Cleansing Flame   |       |       |       |       |       |       |       |       |     7 ||     7
Evoke: Wand              |       |       |       |     1 |     3 |     2 |     1 |     5 |    63 ||    75
       Lamp of fire      |       |       |       |       |       |       |       |       |     2 ||     2
  Use: Scroll            |       |       |     7 |    15 |    17 |    10 |     7 |     5 |    25 ||    86
       Potion            |       |       |       |     7 |     2 |    16 |     8 |     6 |    13 ||    52
 Stab: Sleeping          |     1 |     5 |     8 |     4 |       |       |       |       |     1 ||    19
       Paralysed         |       |       |       |     1 |       |       |       |       |       ||     1
       Invisible         |       |       |       |       |       |       |     2 |       |       ||     2
       Distracted        |       |       |       |       |       |       |       |     2 |       ||     2
  Eat: Chunk             |    15 |     8 |    27 |    61 |    75 |    81 |    60 |    73 |   101 ||   501
       Fruit             |       |       |       |     3 |       |       |       |       |    30 ||    33
       Pizza             |       |       |       |     2 |       |       |       |       |    13 ||    15
       Meat ration       |       |       |       |     1 |       |       |       |       |     7 ||     8
       Royal jelly       |       |       |       |       |       |       |     1 |       |     1 ||     2
       Bread ration      |       |       |       |       |       |       |       |       |    27 ||    27
       Beef jerky        |       |       |       |       |       |       |       |       |     7 ||     7
Armor: Robe              |    55 |    38 |    78 |   158 |   118 |    63 |    62 |    23 |     1 ||   596
       Skin              |       |       |       |       |       |       |     1 |       |       ||     1
       Fire dragon scale |       |       |       |       |       |       |       |     2 |   425 ||   427
Dodge: Dodged            |    55 |    56 |   162 |   473 |   429 |   538 |   530 |   398 |  1256 ||  3897
Block: Other             |       |       |    39 |   120 |    64 |       |       |       |       ||   223
       Reflection        |       |       |       |     1 |    71 |   145 |   155 |   107 |   234 ||   713
       Shield            |       |       |       |       |   569 |  1194 |  1123 |  1003 |       ||  3889
       Large shield      |       |       |       |       |       |       |       |    46 |  4722 ||  4768
